 Dungeon Crawl Stone Soup version 0.29-a0-392-g297d3b089c (webtiles) character file.

Game seed: 755461014104823240

51437 spaghetti the Tortoise (level 15, -8/109 HPs)
             Began as a Formicid Fighter on May 8, 2022.
             Was an Initiate of Yredelemnul.
             Mangled by a troll simulacrum (16 damage)
             ... in an ice cave.
             The game lasted 00:50:15 (26296 turns).

spaghetti the Tortoise (Formicid Fighter)          Turns: 26296, Time: 00:50:16

Health: -8/109     AC: 43    Str: 31    XL:     15   Next: 2%
Magic:  21/21      EV: 12    Int:  9    God:    Yredelemnul [......]
Gold:   1659       SH: 11    Dex: 20    Spells: 14/14 levels left

rFire   + . .      SeeInvis +   n - +5 dagger "Goblinslayer" {venom, rF+ Will+ Dex+4, short}
rCold   . . .      Faith    .   c - +0 buckler
rNeg    + . .      Spirit   .   f - +9 crystal plate armour of Wupuc {+Blink Str+4, rare=g}
rPois   +          Reflect  +   (helmet unavailable)
rElec   .          Harm     .   V - +2 cloak {rCorr}
rCorr   +          Rampage  .   y - +1 pair of gloves
Will    +++..                   b - +2 pair of boots of Anofoevo {Will+}
Stlth   ..........              l - amulet of reflection
HPRegen 0.28/turn               M - ring of the Past {rN+ Str+6 Slay+2}
MPRegen 0.17/turn               w - ring of poison resistance

@: no status effects
A: permanent stasis, dig shafts and tunnels, antennae 3, four strong arms, frail
1, low MP 1
a: Dig, Renounce Religion, Recall Undead Harvest


You were in an ice cave.
You worshipped Yredelemnul.
Yredelemnul was aware of your devotion.
You visited 4 branches of the dungeon, and saw 20 of its levels.
You also visited: Ice Cave.

You collected 2135 gold pieces.
You spent 476 gold pieces at shops.


Innate Abilities, Weirdness & Mutations

You cannot be hasted, slowed, berserked, paralysed or teleported.
You can dig through walls and to a lower floor.
You have a pair of large antennae on your head. (SInv)
Your four strong arms can wield two-handed weapons with a shield.
You are frail. (-10% HP)
Your magical capacity is low. (-10% MP)


   Skills:
 + Level 12.9 Fighting
 - Level 2.0 Long Blades
 - Level 8.0 Throwing
 * Level 16.2 Armour
 + Level 10.6 Dodging
 - Level 3.6 Shields
 + Level 11.9 Invocations


You had 14 spell levels left.
You didn't know any spells.
Your spell library contained the following spells:

 Spells                   Type           Power      Damage    Failure   Level
 Animate Skeleton         Necr           0%         N/A       100%        1
 Apportation              Tloc           0%         N/A       100%        1
 Slow                     Hex            0%         N/A       100%        1
 Summon Small Mammal      Summ           0%         N/A       100%        1
 Ensorcelled Hibernation  Hex/Ice        0%         N/A       100%        2
 Passwall                 Tmut/Erth      0%         N/A       100%        2
 Confusing Touch          Hex            0%         N/A       100%        3
 Vampiric Draining        Necr           0%         2d6       100%        3
 Yara's Violent Unravell  Hex/Tmut       0%         3d3       100%        5
 Enfeeble                 Hex            0%         N/A       100%        7
 Swiftness                Air            Unusable   N/A       N/A         3

Inventory:

Hand Weapons
 n - the +5 dagger "Goblinslayer" (weapon) {venom, rF+ Will+ Dex+4, short}
   (You found it on level 2 of the Dungeon)

   It poisons the flesh of those it strikes.
   Dex:       It affects your dexterity (+4).
   rF:        It protects you from fire.
   Will:      It increases your willpower.
 A - a +1 great mace of venom {mace}
   (You took it off Rupert on level 15 of the Dungeon)
Missiles
 h - 30 poisoned darts {throwing}
 i - 455 stones (quivered) {throwing}
 j - 6 curare-tipped darts {=fthrowing}
 q - 6 silver javelins {throwing}
 r - 5 atropa-tipped darts {throwing}
 x - a throwing net {=f!fthrowing}
 O - 7 boomerangs {throwing}
Armour
 b - the +2 pair of boots of Anofoevo (worn) {Will+}
   (You acquired it on level 1 of the Lair of Beasts)

   Will:      It increases your willpower.
 c - a +0 buckler (worn)
 f - the +9 crystal plate armour of Wupuc (worn) {+Blink Str+4, rare=g}
   (You acquired it on level 1 of the Lair of Beasts)

   Str:       It affects your strength (+4).
   +Blink:    It lets you blink.
 y - a +1 pair of gloves (worn)
   (You found it on level 1 of the Lair of Beasts)
 V - a +2 cloak of preservation (worn)
   (You bought it in a shop on level 2 of the Orcish Mines)
Jewellery
 l - an amulet of reflection (around neck)
   (You found it on level 2 of the Dungeon)
 s - a ring of willpower
   (You found it on level 3 of the Dungeon)
 w - a ring of poison resistance (right hand)
   (You found it on level 3 of the Dungeon)
 F - a ring of positive energy
   (You took it off a tengu conjurer on level 14 of the Dungeon)
 J - a ring of positive energy
   (You found it on level 5 of the Dungeon)
 M - the ring of the Past (left hand) {rN+ Str+6 Slay+2}
   (You found it on level 7 of the Dungeon)

   [ring of strength]

   Str:       It affects your strength (+6).
   Slay:      It affects your accuracy & damage with ranged weapons and melee
   (+2).
   rN:        It protects you from negative energy.
 Q - a +6 ring of intelligence
   (You found it on level 8 of the Dungeon)
Wands
 I - a wand of polymorph (11)
   (You found it on level 9 of the Dungeon)
 K - a wand of digging (3)
   (You found it on level 9 of the Dungeon)
 R - a wand of mindburst (9)
   (You found it on level 8 of the Dungeon)
Scrolls
 e - 7 scrolls of teleportation {@r4}
 m - a scroll of immolation {!r!r}
 o - a scroll of magic mapping {!r}
 p - 3 scrolls of amnesia
 t - 2 scrolls of blinking {!r}
 v - 3 scrolls of vulnerability {!r!r}
 B - 4 scrolls of silence {!r}
 C - 4 scrolls of noise {!r}
 D - 2 scrolls of enchant armour
 E - a scroll of identify {@r1}
 G - a scroll of fog
 H - a scroll of enchant weapon
Potions
 d - a potion of resistance
 g - 2 potions of magic
 u - 2 potions of flight
 z - 3 potions of degeneration {!q@e2}
 L - 2 potions of lignification {!q}
 N - 4 potions of haste {@q3}
 P - 2 potions of ambrosia
 T - 2 potions of berserk rage {!q}
 U - a potion of cancellation
Miscellaneous
 a - a phantom mirror (inert)
   (You found it on level 1 of the Lair of Beasts)
 S - a piece from Xom's chessboard (15/15)
   (You found it on level 13 of the Dungeon)
 X - a phial of floods
   (You found it in an ice cave)

Dungeon Overview and Level Annotations

Branches:
Dungeon (15/15)            Temple (1/1) D:6            Lair (2/6) D:8
 Shoals (0/4) Lair:2          Orc (2/2) D:10            Elf (0/3) Orc:2
 Vaults (0/5) D:14         Depths (0/4) D:15          IceCv (1/1)
  Snake: Lair:2-4    Spider: Lair:2-4

Altars:
Ashenzari
Cheibriados
Dithmenos
Elyvilon
Fedhas
Gozag
Hepliaklqana
Kikubaaqudgha
Makhleb
Nemelex Xobeh
Okawaru
Qazlal
Ru
Sif Muna
Trog
Uskayaw
Vehumet
Wu Jian
Xom
Yredelemnul
Zin
The Shining One
Beogh

Shops:
D:8 **   D:14 !   Orc:1 =   Orc:2 *:[!

Portals:
Trove: D:11 (give 8 scrolls of fear)

Annotations:
D:2 1 runed translucent door, Crazy Yiuf
D:3 3 runed translucent doors, domi's ghost, amateur DsWz
D:12 3 runed translucent doors, Qusurap's ghost, journeyman GnAK
D:15 Louise IceCv exclusion: ice statue

....#
....##
###.....#
#.......
#$.....
#$...#
#$2Z##
#Z@Z$#
#=$$$#
#)}$##
#?)}#####
##[##.#.##
##.§°§..#
##.§○..##
#.○.§...#
##.§§§.####


You could see a reaper (poisoned), an elephant simulacrum and 2 troll simulacra.


Message History

The troll simulacrum claws you but does no damage.
You block the reaper's attack.
The elephant simulacrum tramples you but does no damage.
You block the elephant simulacrum's attack.
You block the troll simulacrum's attack.
The troll simulacrum claws you but does no damage. x2
You hit the reaper but do no damage. The reaper hits you but does no damage.
You block the troll simulacrum's attack. x3
You block the elephant simulacrum's attack.
The elephant simulacrum closely misses you.
You barely miss the reaper.
You block the troll simulacrum's attack.
The troll simulacrum closely misses you.
You block the troll simulacrum's attack.
The reaper barely misses you.
The troll simulacrum bites you but does no damage.
You block the troll simulacrum's attack.
The troll simulacrum completely misses you.
You hit the reaper but do no damage.
You block the elephant simulacrum's attack.
The elephant simulacrum barely misses you.
The troll simulacrum bites you but does no damage.
You block the troll simulacrum's attack.
The troll simulacrum claws you but does no damage.
The reaper hits you but does no damage. 😮 HP[+1]
You hit the reaper. The troll simulacrum bites you.
The troll simulacrum freezes you!
* * * LOW HITPOINT WARNING * * *
The troll simulacrum claws you but does no damage.
You block the troll simulacrum's attack.
The elephant simulacrum barely misses you.
You block the elephant simulacrum's attack.
The reaper hits you but does no damage. The troll simulacrum barely misses you.
The troll simulacrum claws you but does no damage.
The troll simulacrum barely misses you. 😨 HP[-9]
You take 9 damage, and now have 49/109 hp.
You barely miss the reaper.
You block the troll simulacrum's attack.
The troll simulacrum claws you but does no damage.
The troll simulacrum barely misses you. The reaper hits you but does no damage.
The elephant simulacrum tramples you.
* * * LOW HITPOINT WARNING * * *
You hold your ground!
You block the elephant simulacrum's attack.
The troll simulacrum misses you.
You block the troll simulacrum's attack.
The troll simulacrum barely misses you. 😨 HP[-3]
You take 3 damage, and now have 46/109 hp.
You barely miss the reaper. The reaper hits you but does no damage.
The troll simulacrum bites you but does no damage.
The troll simulacrum claws you but does no damage.
You block the troll simulacrum's attack.
The elephant simulacrum tramples you but does no damage.
The elephant simulacrum barely misses you.
You closely miss the reaper.
The troll simulacrum bites you but does no damage.
The troll simulacrum claws you but does no damage. x2
The reaper hits you with a +2 scythe of freezing!
* * * LOW HITPOINT WARNING * * *
The reaper freezes you.
* * * LOW HITPOINT WARNING * * *
You block the troll simulacrum's attack. x2
The troll simulacrum claws you but does no damage. 😨 HP[-18]
You take 18 damage, and now have 28/109 hp.
You feel better.
The elephant simulacrum tramples you but does no damage.
You block the elephant simulacrum's attack.
You block the reaper's attack.
The troll simulacrum bites you but does no damage.
The troll simulacrum claws you but does no damage. x2 😨 HP[+6]
You regained 6 hp, and now have 34/109 hp.
You hit the reaper but do no damage. The troll simulacrum misses you.
The troll simulacrum claws you but does no damage.
You block the troll simulacrum's attack.
You block the elephant simulacrum's attack.
The elephant simulacrum trunk-slaps you but does no damage.
The reaper hits you with a +2 scythe of freezing!
* * * LOW HITPOINT WARNING * * *
The reaper freezes you.
* * * LOW HITPOINT WARNING * * *
The troll simulacrum bites you but does no damage.
The troll simulacrum claws you but does no damage.
The troll simulacrum claws you.
* * * LOW HITPOINT WARNING * * *
The troll simulacrum freezes you!
* * * LOW HITPOINT WARNING * * *
😱 HP[-28]
You take 28 damage, and now have 6/109 hp.
MASSIVE DAMAGE!! (PAUSE)
Okay, then.
You feel better. The troll simulacrum bites you!
* * * LOW HITPOINT WARNING * * *
The troll simulacrum freezes you!
You die...
Your body rises from the dead as a mindless zombie.

Skill      XL: |  1  2  3  4  5  6  7  8  9 10 11 12 13 14 |
---------------+-------------------------------------------+-----
Dodging        | 1 2 3 4 5 6 7 8 9 10 | 10.6
Fighting       | 4 5 6 7 8 9 10 11 12 | 12.9
Armour         | 4 5 6 7 8 9 11 12 14 16 | 16.2
Invocations    | 1 4 6 7 9 10 11 | 11.9
Throwing       | 1 3 5 6 7 8 |  8.0
Long Blades    | |  2.0
Shields        | |  3.6

Action                   |  1- 3 |  4- 6 |  7- 9 | 10-12 | 13-15 || total
-------------------------+-------+-------+-------+-------+-------++-------
Melee: Long sword        |    94 |     7 |       |       |       ||   101
       Dagger            |       |   133 |   366 |   481 |   999 ||  1979
       Great mace        |       |       |       |       |    52 ||    52
Throw: Stone             |    14 |   123 |    75 |    93 |   116 ||   421
       Dart              |       |       |     2 |       |       ||     2
       Javelin           |       |       |       |     1 |       ||     1
Invok: Dark Bargain      |       |       |     2 |     9 |    14 ||    25
       Recall Undead Har |       |       |     1 |       |     1 ||     2
 Abil: Shaft Self        |       |       |       |     1 |       ||     1
Evoke: Wand              |       |       |       |    11 |    10 ||    21
       Piece from Xom's  |       |       |       |       |     1 ||     1
       Phantom mirror    |       |       |       |       |     1 ||     1
  Use: Potion            |     1 |       |     2 |    11 |    10 ||    24
       Scroll            |       |     5 |     2 |    11 |     6 ||    24
 Stab: Distracted        |       |       |       |     2 |     7 ||     9
       Invisible         |       |       |       |     3 |       ||     3
       Fleeing           |       |       |       |     1 |       ||     1
Armor: Scale mail        |     2 |       |     1 |     1 |       ||     4
       Chain mail        |    83 |    42 |    63 |       |       ||   188
       Skin              |       |       |     2 |       |       ||     2
       Crystal plate arm |       |       |       |   251 |   797 ||  1048
Dodge: Dodged            |    48 |    29 |    91 |   159 |   527 ||   854
Block: Buckler           |    33 |    42 |   163 |   268 |   714 ||  1220
       Reflection        |       |     1 |     3 |    17 |    15 ||    36

Levels and vault maps discovered:
D:1:      sevenhm_arrival_forest_fort_large_4, layout_basic
D:2:      layout_basic, minmay_misc_feat_tiny, minmay_indecisive_spiral,
          uniq_crazy_yiuf_cottage
D:3:      layout_loops_ring, gammafunk_ghost_necromancy, kennysheep_small_spiral
D:4:      layout_gridville
D:5:      layout_rooms, amcnicky_altar_gilded,
          lightli_ossuary_entry_decrepit_ruins
D:6:      layout_basic, mainiacjoe_overflow_alcove_1,
          nicolae_overflow_hidden_temple, minmay_temple_entry_poolview,
          hex_medium, kennysheep_generic_room_7
D:7:      layout_loops_ring
D:8:      minmay_skewed_foursquare, layout_loops_ring, cheibrodos_worm_habitat,
          serial_shops, nicolae_shop_overgrown_old_shop,
          nicolae_shop_sticking_my_neck_out
D:9:      layout_roguey, mainiacjoe_overflow_catwalk_spiral
D:10:     layout_irregular_city, mainiacjoe_overflow_concentric_impassable,
          david_orc_4, chequers_serial_rivers_room_b
D:11:     layout_irregular_city, nicolae_trove_entry_crossroad,
          hangedman_abyss_or_decor_passed, statue_in_the_mist_lemuel, uniq_lodul
D:12:     layout_roguey, gammafunk_ghost_hydra_chop, st_stairs_10, uniq_nergalle
D:13:     layout_cave_pools, grunt_decor_junction, st_stairs_6
D:14:     layout_basic, david_vaults_1, serial_shops, nicolae_shop_stone,
          nrook_uturn, uniq_kirke
D:15:     hangedman_depths_entry_civil_slaughter, layout_basic,
          serial_co_window_serial, co_window_corner_a, co_window_corner_a,
          co_window_paths_b, co_window_corner_a, co_window_corner_a,
          co_window_corner_a, co_window_paths_a, co_window_corner_b,
          co_window_broadway_b, co_window_corner_b, co_window_corner_b,
          co_window_paths_d, glass_columns_a, glass_columns_a, glass_columns_a,
          glass_columns_b, glass_columns_a, uniq_rupert, uniq_louise
Temple:   oiseaux_autumnal_temple
Lair:1:   layout_cellular_growth, serial_forest, infiniplex_forest_straight_1,
          infiniplex_forest_end_1, infiniplex_forest_fountain,
          infiniplex_forest_straight_2, infiniplex_forest_fountain,
          infiniplex_forest_clump_curved, infiniplex_forest_lined_2,
          infiniplex_forest_lined_corner, infiniplex_forest_lined_room_3,
          uniq_grum
Lair:2:   nzn_winding_woodlands_stair_trap
          [nzn_winding_woodlands_5x15_river_crossing,
          nzn_winding_woodlands_5x15_sawtooth, nzn_winding_woodlands_5x15_eye,
          nzn_winding_woodlands_15x15_eel_pit,
          nzn_winding_woodlands_5x15_pockets, nzn_winding_woodlands_5x15_twine,
          nzn_winding_woodlands_5x15_pool], layout_long_grid,
          minmay_shoals_entry_centaurs, portal_ice_cave_entry_imps
Orc:1:    layout_caves, serial_shops, shop
Orc:2:    st_orc_elflike, layout_diamond_mine, lightli_church_of_beogh
IceCv:    ice_cave_caverns_02

Notes
Turn   | Place    | Note
-------+----------+-------------------------------------------
     0 | D:1      | spaghetti the Formicid Fighter began the quest for the Orb.
     0 | D:1      | Reached XP level 1. HP: 18/18 MP: 1/1
     0 | D:1      | magus.rc [v1.9.6]
   172 | D:1      | Reached XP level 2. HP: 24/24 MP: 2/2
   603 | D:1      | You pick up a book of Debilitation and begin reading...
   603 | D:1      | You add the spells Slow, Vampiric Draining and Confusing
                  | Touch to your library.
   720 | D:1      | HP: 6/24 [hobgoblin (2)]
  1017 | D:1      | Reached skill level 1 in Dodging
  1556 | D:2      | Reached XP level 3. HP: 28/30 MP: 3/3
  1955 | D:2      | Reached skill level 4 in Fighting
  1961 | D:2      | Reached XP level 4. HP: 37/37 MP: 4/4
  2003 | D:2      | Reached skill level 4 in Armour
  2076 | D:2      | Identified the +5 dagger "Goblinslayer" {venom, rF+ Will+
                  | Dex+4}
  2278 | D:2      | Found a runed translucent door.
  2279 | D:2      | Noticed Crazy Yiuf
  2720 | D:3      | Reached skill level 2 in Dodging
  2720 | D:3      | Reached XP level 5. HP: 38/43 MP: 5/5
  2992 | D:3      | magus.rc [v1.9.6]
  3117 | D:3      | Found a runed translucent gate.
  3117 | D:3      | Found a runed translucent gate.
  3118 | D:3      | Found a runed translucent gate.
  3527 | D:3      | Noticed domi's ghost (amateur DsWz)
  3583 | D:4      | Noticed a black bear
  3594 | D:4      | Killed a black bear
  3595 | D:4      | Reached skill level 5 in Fighting
  3595 | D:4      | Reached skill level 5 in Armour
  3595 | D:4      | Reached XP level 6. HP: 30/51 MP: 6/6
  3800 | D:4      | Reached skill level 3 in Dodging
  4251 | D:4      | Noticed a black bear
  4262 | D:4      | Killed a black bear
  4263 | D:4      | Reached XP level 7. HP: 48/56 MP: 7/7
  4749 | D:5      | Entered Level 5 of the Dungeon
  5013 | D:5      | Found a hide-covered altar of Uskayaw.
  5178 | D:5      | Found a sand-covered staircase.
  5207 | D:4      | magus.rc [v1.9.6]
  5314 | D:5      | Reached skill level 6 in Fighting
  5565 | D:5      | Reached skill level 6 in Armour
  5565 | D:5      | Reached skill level 4 in Dodging
  5683 | D:6      | Identified the +0 scale mail of Bitterness {Fly rN+ Will-
                  | Str+2}
  5693 | D:6      | Found an ancient bone altar of Kikubaaqudgha.
  5712 | D:6      | Reached XP level 8. HP: 41/64 MP: 8/8
  5909 | D:6      | Found a staircase to the Ecumenical Temple.
  5921 | Temple   | Entered the Ecumenical Temple
  6221 | Temple   | Became a worshipper of Yredelemnul the Dark
  6314 | D:6      | Reached * piety under Yredelemnul
  6614 | D:6      | Reached ** piety under Yredelemnul
  6722 | D:6      | Found an opulent altar of Gozag.
  6724 | D:6      | Found a burning altar of Makhleb.
  6725 | D:6      | Found a bloodstained altar of Trog.
  7160 | D:7      | Reached skill level 7 in Fighting
  7160 | D:7      | Reached skill level 7 in Armour
  7160 | D:7      | Reached skill level 1 in Invocations
  7239 | D:7      | Reached skill level 1 in Throwing
  7239 | D:7      | Reached skill level 5 in Dodging
  7342 | D:7      | Reached XP level 9. HP: 72/72 MP: 10/10
  7349 | D:7      | Reached skill level 2 in Invocations
  7593 | D:7      | Reached skill level 2 in Throwing
  7610 | D:7      | Identified the ring of the Past {rN+ Str+6 Slay+2}
  7820 | D:7      | Reached skill level 3 in Invocations
  8360 | D:8      | Found Miojyx's Neck Hole.
  8497 | D:8      | Found a snail-covered altar of Cheibriados.
  8601 | D:8      | Found a staircase to the Lair.
  8622 | D:8      | Reached skill level 3 in Throwing
  8983 | D:8      | Reached skill level 8 in Armour
  8983 | D:8      | Reached skill level 4 in Invocations
  9023 | D:8      | Reached *** piety under Yredelemnul
  9095 | D:8      | Found Nimiug's Assorted Antiques.
  9104 | D:8      | Bought a brightly glowing scale mail for 261 gold pieces
  9104 | D:8      | Identified the +1 scale mail of Idyimm {-Tele rElec Regen+}
                  | (You bought it in a shop on level 8 of the Dungeon)
  9161 | D:8      | Reached skill level 8 in Fighting
  9161 | D:8      | Reached skill level 6 in Dodging
  9290 | D:8      | Reached XP level 10. HP: 80/80 MP: 13/13
  9381 | D:8      | You pick up a book of Misfortune and begin reading...
  9381 | D:8      | You add the spells Yara's Violent Unravelling and Enfeeble
                  | to your library.
  9607 | Lair:1   | Entered Level 1 of the Lair of Beasts
  9643 | Lair:1   | Identified 2 scrolls of acquirement
  9647 | Lair:1   | Acquired the +2 pair of boots of Anofoevo {Will+}
  9654 | Lair:1   | Acquired the +9 crystal plate armour of Wupuc {+Blink
                  | Str+4}
  9655 | Lair:1   | f - the +9 crystal plate armour of Wupuc {+Blink Str+4,
                  | rare=g}
  9666 | Lair:1   | You finish putting on the +9 crystal plate armour of Wupuc
                  | {+Blink Str+4, rare=g}.
  9697 | Lair:1   | Reached skill level 4 in Throwing
  9753 | Lair:1   | Noticed a komodo dragon
  9773 | Lair:1   | Killed a komodo dragon
  9774 | Lair:1   | Reached skill level 5 in Invocations
  9840 | D:8      | Bought a +0 cloak for 58 gold pieces
 10105 | D:9      | Reached skill level 9 in Armour
 10137 | D:9      | Found a glowing silver altar of Zin.
 10158 | D:9      | Found a broken altar of Ashenzari.
 10359 | D:9      | Noticed a two-headed ogre
 10370 | D:9      | Killed a two-headed ogre
 10600 | D:9      | Reached skill level 5 in Throwing
 10607 | D:9      | Reached skill level 6 in Invocations
 10742 | D:10     | Entered Level 10 of the Dungeon
 10772 | D:10     | Noticed a kobold demonologist
 10779 | D:10     | Noticed an ice devil
 10789 | D:10     | Killed a kobold demonologist
 10790 | D:10     | Reached skill level 9 in Fighting
 10790 | D:10     | Reached skill level 7 in Dodging
 10790 | D:10     | Reached XP level 11. HP: 61/89 MP: 15/15
 11288 | D:10     | Reached skill level 10 in Armour
 11371 | D:10     | You pick up a book of Burglary and begin reading...
 11371 | D:10     | You add the spells Passwall and Ensorcelled Hibernation to
                  | your library.
 11402 | D:10     | Found a shimmering blue altar of Sif Muna.
 11977 | D:10     | Found a staircase to the Orcish Mines.
 12157 | D:11     | Noticed a manticore
 12173 | D:11     | Killed a manticore
 12433 | D:11     | Found a portal to a secret trove of treasure.
 12466 | D:11     | This trove needs 8 scrolls of fear to function. Give it the
                  | items?
 12545 | D:11     | Noticed a cyclops
 12556 | D:11     | Killed a cyclops
 12843 | D:11     | Reached skill level 7 in Invocations
 12887 | D:11     | Noticed Lodul
 12911 | D:11     | Killed Lodul
 12912 | D:11     | Reached skill level 6 in Throwing
 12912 | D:11     | Reached skill level 11 in Armour
 13113 | D:11     | Noticed a two-headed ogre
 13124 | D:11     | Killed a two-headed ogre
 13649 | D:12     | Found a runed translucent gate.
 13650 | D:12     | Found a runed translucent gate.
 13656 | D:12     | Found a runed translucent gate.
 13656 | D:12     | Noticed an 11-headed hydra
 13658 | D:12     | Noticed Qusurap's ghost (journeyman GnAK)
 13658 | D:12     | Noticed an 11-headed hydra
 13715 | D:12     | Noticed a cyclops
 13721 | D:12     | Killed a cyclops
 13743 | D:12     | Noticed a skeletal warrior
 13744 | D:12     | Noticed a skeletal warrior
 13744 | D:12     | Noticed a skeletal warrior
 13748 | D:12     | Noticed a skeletal warrior
 13750 | D:12     | Noticed a skeletal warrior
 13754 | D:12     | You fall into a shaft and drop 2 floors!
 13904 | D:14     | You fall into a shaft and drop 1 floor!
 13904 | D:15     | Entered Level 15 of the Dungeon
 13904 | D:15     | Noticed a manticore
 13915 | D:15     | Killed a manticore
 13916 | D:15     | Reached skill level 10 in Fighting
 13916 | D:15     | Reached XP level 12. HP: 78/97 MP: 17/17
 14122 | D:15     | Noticed Rupert
 14132 | D:15     | Killed Rupert
 14133 | D:15     | Reached skill level 8 in Dodging
 14133 | D:15     | Reached skill level 8 in Invocations
 14186 | D:15     | Noticed a deep troll
 14187 | D:15     | Noticed a tengu warrior
 14189 | D:15     | Noticed a deep troll
 14191 | D:15     | a deep troll changed into a manticore
 14199 | D:15     | Reached skill level 12 in Armour
 14203 | D:15     | Killed a deep troll
 14207 | D:15     | HP: 22/98 [tengu warrior/+0 great sword (12)]
 14220 | D:15     | Killed a tengu warrior
 14221 | D:15     | Reached skill level 7 in Throwing
 14525 | D:15     | Noticed a death knight
 14525 | D:15     | Noticed a tengu warrior
 14533 | D:15     | Killed a tengu warrior
 14540 | D:15     | Found a staircase to the Depths.
 14634 | D:15     | Killed a death knight
 14748 | D:15     | HP: 19/99 [cyan ugly thing (12)]
 14963 | D:15     | HP: 19/99 [green ugly thing (11)]
 14993 | D:15     | Reached skill level 9 in Invocations
 15257 | D:15     | Identified the +0 tower shield of Veuwu {Str+4 Dex+4}
 15257 | D:15     | Noticed Louise
 15307 | D:15     | Reached XP level 13. HP: 77/105 MP: 19/19
 15423 | D:14     | Reached skill level 13 in Armour
 15501 | D:14     | Noticed a centaur warrior
 15509 | D:14     | Killed a centaur warrior
 15605 | D:14     | Found Zurangiwes's Distillery.
 15624 | D:14     | Reached skill level 11 in Fighting
 15910 | D:14     | Found a gate to the Vaults.
 15966 | D:14     | Reached skill level 9 in Dodging
 16044 | D:14     | Noticed Kirke
 16057 | D:14     | Reached skill level 8 in Throwing
 16063 | D:14     | Killed Kirke
 16064 | D:14     | Reached **** piety under Yredelemnul
 16142 | D:14     | Noticed a centaur warrior
 16155 | D:14     | Killed a centaur warrior
 16479 | D:14     | Noticed a boulder beetle
 16496 | D:14     | Killed a boulder beetle
 16497 | D:14     | Reached skill level 14 in Armour
 16497 | D:14     | Reached skill level 10 in Invocations
 17629 | D:13     | Noticed a centaur warrior
 17649 | D:13     | Killed a centaur warrior
 17692 | D:13     | HP: 25/107 [tengu warrior/+0 war axe (3)]
 17696 | D:13     | Reached XP level 14. HP: 28/114 MP: 18/21
 18494 | D:13     | HP: 26/114 [acid dragon (8)]
 18505 | D:13     | HP: 22/114 [great orb of eyes (2)]
 18507 | D:13     | Reached skill level 12 in Fighting
 19268 | D:12     | Noticed Nergalle
 19279 | D:12     | Killed Nergalle
 19291 | D:12     | You pick up a book of Cantrips and begin reading...
 19291 | D:12     | You add the spells Animate Skeleton, Summon Small Mammal
                  | and Apportation to your library.
 19684 | Orc:1    | Entered Level 1 of the Orcish Mines
 19704 | Orc:1    | Found Mupastos's Jewellery Shop.
 19952 | Orc:2    | Entered Level 2 of the Orcish Mines
 19962 | Orc:2    | Reached skill level 15 in Armour
 20054 | Orc:2    | Found a staircase to the Elven Halls.
 20374 | Orc:2    | Found Emear's Distillery.
 20388 | Orc:2    | Reached skill level 10 in Dodging
 20395 | Orc:2    | Reached skill level 11 in Invocations
 20853 | Orc:2    | HP: 27/115 [orc warrior/+0 halberd (2)]
 21590 | Orc:2    | HP: 29/116 [orc high priest/divine providence (16)]
 21904 | Orc:1    | Gained mutation: You are frail. (-10% HP) [a neqoxec]
 21913 | Orc:1    | Gained mutation: Your magical capacity is low. (-10% MP) [a
                  | neqoxec]
 22410 | Orc:2    | Found Osalul's Antique Armour Emporium.
 22411 | Orc:2    | Found Toeputh's Book Shop.
 22411 | Orc:2    | Found Vuym's Assorted Antiques.
 22446 | Orc:2    | Bought a glowing cloak for 157 gold pieces
 22793 | Orc:2    | Found a runed translucent door.
 23116 | Orc:2    | HP: 24/100 [orc high priest/divine providence (13)]
 23126 | Orc:2    | HP: 17/100 [sun demon[an orc high priest] (9)]
 24467 | Lair:1   | Noticed Grum
 24480 | Lair:1   | Killed Grum
 24608 | Lair:1   | Reached skill level 16 in Armour
 25577 | Lair:2   | Reached ***** piety under Yredelemnul
 25588 | Lair:2   | Found a frozen archway.
 25597 | IceCv    | Entered an ice cave
 26173 | IceCv    | Reached XP level 15. HP: 109/109 MP: 21/21
 26264 | IceCv    | Found the +2 Maxwell's thermic engine {flame, freeze}
 26271 | IceCv    | Noticed a reaper
 26295 | IceCv    | HP: 23/109 [reaper/+2 scythe of freezing (11)]
 26295 | IceCv    | HP: 6/109 [troll simulacrum (11)]
 26296 | IceCv    | Mangled by a troll simulacrum

Vanquished Creatures
  Kirke (D:14)
  A great orb of eyes (D:13)
  A hydra (Lair:2)
  A boulder beetle (D:14)
  A death knight (D:15)
  A centaur warrior (D:13)
  3 two-headed ogres
  A tengu warrior (D:15)
  3 orc high priests
  Lodul (D:11)
  4 skeletal warriors (D:14)
  A necromancer (D:15)
  5 orc knights
  5 orc sorcerers (Orc:2)
  6 ugly things (D:15)
  2 cyclopes
  2 manticores
  A cane toad (Lair:1)
  A gargoyle (D:11)
  A kobold demonologist (D:10)
  4 komodo dragons
  An entropy weaver simulacrum (IceCv)
  2 meliai (D:13)
  3 trolls
  3 hornets
  A culicivora (shapeshifter) (D:14)
  A vampire (D:13)
  2 wraiths
  2 wyverns (D:9)
  3 yaks
  A steam dragon (D:8)
  2 hogs (D:14)
  3 basilisks
  9 vampire mosquitoes
  3 wargs
  5 acid dragons
  2 water moccasins (Lair:2)
  25 orc warriors
  4 sky beasts
  4 black bears
  9 ogres
  An ice beast (D:7)
  4 centaurs
  A wolf (Lair:1)
  A kobold brigand (D:11)
  8 bullfrogs
  3 two-headed ogre simulacra (IceCv)
  A necrophage (D:7)
  A cane toad simulacrum (IceCv)
  A scorpion (D:6)
  6 killer bees (D:9)
  2 howler monkeys
  4 hounds
  A jelly (D:5)
  A gnoll shaman (D:6)
  15 orc priests
  22 orc wizards
  5 iguanas
  A spriggan simulacrum (IceCv)
  13 gnolls
  9 adders
  4 naga simulacra (IceCv)
  9 white imps
  An ufetubus (IceCv)
  5 worms
  2 dart slugs
  56 orcs
  6 bats
  8 endoplasms
  8 goblins
  5 hobgoblins
  5 jackals
  8 kobolds
  2 quokkas
  7 ball pythons
  6 frilled lizards
  8 rats
371 creatures vanquished.

Vanquished Creatures (collateral kills)
  Rupert (D:15)
  2 two-headed ogres
  2 centaur warriors (D:14)
  3 tengu warriors
  An orc high priest (Orc:2)
  Nergalle (D:12)
  A deep troll (D:15)
  A lindwurm (shapeshifter) (D:15)
  2 wizards
  2 deep elf pyromancers
  An orc knight (Orc:2)
  2 orc sorcerers
  A black mamba (Lair:1)
  A gargoyle (D:14)
  An efreet (D:13)
  2 tengu conjurers
  2 komodo dragons (Lair:2)
  A troll (Orc:2)
  A meliai (D:13)
  4 slime creatures (D:15)
  A dire elephant simulacrum (IceCv)
  A yak (Lair:1)
  A wraith (D:13)
  Grum (Lair:1)
  7 vampire mosquitoes
  3 hogs (D:14)
  2 acid dragons
  A water moccasin (Lair:2)
  5 orc warriors
  3 ogres
  A wolf (Lair:1)
  5 centaurs
  A bullfrog (Lair:2)
  A two-headed ogre simulacrum (IceCv)
  A cane toad simulacrum (IceCv)
  A hound (D:6)
  2 orc priests
  A gnoll shaman (Orc:1)
  5 orc wizards
  A troll simulacrum (IceCv)
  A gnoll (Orc:1)
  A shadow imp (D:8)
  8 white imps (Lair:2)
  11 orcs
  5 kobolds (D:11)
102 creatures vanquished.

Vanquished Creatures (others)
  3 ugly thing zombies (D:15)
  A meliai zombie (D:13)
  2 humans (D:14)
  A hornet zombie (Lair:2)
  An elf zombie (D:13)
  A hog zombie (D:14)
  6 vampire mosquito zombies
  A wyvern zombie (D:9)
  A komodo dragon zombie (D:12)
  2 warg zombies
  A tengu zombie (D:13)
  3 bullfrog zombies
  A centaur zombie (D:11)
  3 killer bee zombies (D:9)
  3 acid dragon zombies
  An ogre zombie (Orc:2)
  A spectral orc (D:10)
  A worm zombie (D:8)
  An adder zombie (D:6)
  2 gnoll zombies (D:6)
  3 spectral white imps
  34 orc zombies
  A spectral ufetubus (IceCv)
  2 fungi
  29 plants
105 creatures vanquished.

Grand Total: 578 creatures vanquished

Table legend:
 A = Non-vault XP
 B = Vault XP
 C = Vault XP percentage of total XP
 D = Non-vault monster count
 E = Vault monster count
 F = Vault count percentage of total count
                 A         B        C        D         E       F
            +---------+---------+-------+---------+---------+-------
      Total |   45045 |   28437 |  38.7 |     337 |     136 |  28.8
            +---------+---------+-------+---------+---------+-------
        D:1 |      27 |       0 |   0.0 |      16 |       0 |   0.0
        D:2 |      59 |      29 |  33.0 |      21 |       4 |  16.0
        D:3 |     118 |       0 |   0.0 |      26 |       0 |   0.0
        D:4 |     429 |       0 |   0.0 |      19 |       0 |   0.0
        D:5 |     291 |       0 |   0.0 |      16 |       0 |   0.0
        D:6 |     546 |      83 |  13.2 |      25 |       1 |   3.8
        D:7 |    1200 |     125 |   9.4 |      13 |       1 |   7.1
        D:8 |     318 |     960 |  75.1 |      12 |       9 |  42.9
        D:9 |    2564 |       0 |   0.0 |      18 |       0 |   0.0
       D:10 |    1230 |     830 |  40.3 |       8 |      18 |  69.2
       D:11 |    3481 |    1467 |  29.6 |      20 |       7 |  25.9
       D:12 |    1403 |     775 |  35.6 |       5 |       1 |  16.7
       D:13 |    7806 |     212 |   2.6 |      24 |       1 |   4.0
       D:14 |   10079 |    3309 |  24.7 |      21 |       8 |  27.6
       D:15 |    6109 |    5905 |  49.2 |      14 |       7 |  33.3
     Lair:1 |    3287 |     418 |  11.3 |      13 |       3 |  18.8
     Lair:2 |     336 |    2923 |  89.7 |       2 |      24 |  92.3
      Orc:1 |    2210 |    2737 |  55.3 |      27 |       5 |  15.6
      Orc:2 |    3552 |    7445 |  67.7 |      37 |      28 |  43.1
      IceCv |       0 |    1219 | 100.0 |       0 |      19 | 100.0
            +---------+---------+-------+---------+---------+-------

Illustrated notes

Table legend:
 A = Kills in this place as a percentage of kills in entire the game.
 B = Kills by you in this place as a percentage of kills by you in the entire game.
 C = Kills by friends in this place as a percentage of kills by friends in the entire game.
 D = Other kills in this place as a percentage of other kills in the entire game.
 E = Experience gained in this place as a percentage of experience gained in the entire game.
 F = Experience gained in this place divided by the number of levels of this place that you have seen.
                   A       B       C       D       E      F
               +-------+-------+-------+-------+-------+----------------------
         Total | 100.0 | 100.0 | 100.0 |   N/A | 100.0 | 3499.1
       Dungeon |  66.6 |  69.3 |  56.9 |   N/A |  67.2 | 3290.3
          Lair |   8.9 |   7.0 |  15.7 |   N/A |   9.5 | 3482.0
  Orcish Mines |  20.5 |  19.7 |  23.5 |   N/A |  21.7 | 7972.0
      Ice Cave |   4.0 |   4.0 |   3.9 |   N/A |   1.7 | 1219.0
               +-------+-------+-------+-------+-------+----------------------

Table legend: (Time is in decaauts)
 A = Elapsed time spent in this place.
 B = Non-inter-level travel time spent in this place.
 C = Inter-level travel time spent in this place.
 D = Time resting spent in this place.
 E = Time spent auto-exploring this place.
 F = Levels seen in this place.
 G = Mean time per level.
                   A        B        C        D        E       F      G
               +--------+--------+--------+--------+--------+-----+--------+
         Total |  26344 |  25275 |   1069 |   6827 |  13957 |  21 | 1254.5 |
       Dungeon |  19308 |  18604 |    704 |   4781 |  10796 |  15 | 1287.2 |
        Temple |    346 |    309 |     37 |      0 |    252 |   1 |  346.0 |
          Lair |   1544 |   1443 |    101 |      0 |   1049 |   2 |  772.0 |
  Orcish Mines |   4448 |   4223 |    225 |   1629 |   1736 |   2 | 2224.0 |
      Ice Cave |    697 |    697 |      0 |    416 |    123 |   1 |  697.0 |
               +--------+--------+--------+--------+--------+-----+--------+

Top non-repeatable levels by time:
   Orc:1: 2272 daAuts
    D:14: 2218 daAuts
   Orc:2: 2176 daAuts
    D:13: 1644 daAuts
    D:11: 1607 daAuts
    D:15: 1534 daAuts
     D:1: 1524 daAuts
     D:8: 1431 daAuts
    D:10: 1290 daAuts
     D:2: 1245 daAuts
     D:7: 1237 daAuts
  Lair:1: 1199 daAuts
     D:4: 1172 daAuts
     D:6: 1074 daAuts
     D:9: 1017 daAuts
